 Dungeon Crawl Stone Soup version 0.29-a0-925-g0a7a3d12f8 (webtiles) character file.

Game seed: 4601901903336995810

88716 Snarg the Spry (level 15, -8/72 HPs)
             Began as a Spriggan Artificer on July 22, 2022.
             Was the Champion of Lugonu.
             Blown up by an orb spider (45 damage)
             ... with an orb of destruction
             ... on level 1 of the Spider Nest on July 29, 2022.
             The game lasted 03:48:06 (31979 turns).

Snarg the Spry (Spriggan Artificer)                Turns: 31979, Time: 03:48:08

Health: -8/72      AC: 11    Str:  8    XL:     15   Next: 47%
Magic:  5/23       EV: 36    Int: 14    God:    Lugonu [******]
Gold:   1077       SH:  0    Dex: 28    Spells: 8/24 levels left

rFire   . . .      SeeInvis +   a - +4 dagger (drain)
rCold   . . .      Faith    .   (no shield)
rNeg    . . .      Spirit   .   U - +0 acid dragon scales
rPois   +          Reflect  .   Y - +2 hat
rElec   .          Harm     .   n - +1 cloak
rCorr   +          Rampage  .   (gloves unavailable)
Will    ++...                   (boots unavailable)
Stlth   ++++++....              s - amulet of regeneration
HPRegen 1.02/turn               A - +6 ring of dexterity
MPRegen 0.18/turn               u - ring of poison resistance

@: wereblooded, very quick
A: very small, no large weapons, unfitting armour, see invisible, speed 3
a: Renounce Religion, Depart the Abyss, Bend Space, Banish, Corrupt, Enter the
Abyss, Brand Weapon With Distortion


You were on level 1 of the Spider Nest.
You worshipped Lugonu.
Lugonu was exalted by your worship.
You visited 6 branches of the dungeon, and saw 23 of its levels.
You also visited: Ossuary and Ice Cave.

You collected 2467 gold pieces.
You spent 1390 gold pieces at shops.

Inventory:

Hand Weapons
 a - a +4 dagger of draining (weapon)
 b - the +7 rapier of Gurch {protect, Int+4}
   (You acquired it on level 4 of the Lair of Beasts)

   It grants its wielder temporary protection when it strikes (+7 to AC).
   Int:       It affects your intelligence (+4).
 d - a +2 dagger of distortion
 h - a +2 dagger of venom
 l - a +0 short sword of freezing
 t - the +8 hand axe of Sabodac {venom, Dex+6}
   (You found it on level 7 of the Dungeon)

   It poisons the flesh of those it strikes.
   Dex:       It affects your dexterity (+6).
 y - a +2 dagger of electrocution
Missiles
 g - 4 throwing nets
 o - 20 stones (quivered)
 E - 11 poisoned darts
 S - 10 boomerangs
Armour
 n - a +1 cloak (worn)
 U - +0 acid dragon scales (worn)
 Y - a +2 hat (worn)
Jewellery
 c - a ring of positive energy
 s - an amulet of regeneration (around neck)
 u - a ring of poison resistance (right hand)
 A - a +6 ring of dexterity (left hand)
 G - a ring of protection from cold
 P - a +6 ring of strength
 T - a ring of protection from fire
Wands
 e - a wand of iceblast (14)
 C - a wand of polymorph (5)
 O - a wand of mindburst (2)
 V - a wand of digging (5)
 W - a wand of paralysis (6)
Scrolls
 m - 10 scrolls of teleportation
 r - 6 scrolls of immolation
 F - 2 scrolls of fog
 H - 3 scrolls of poison
 N - a scroll of fear
 Q - 5 scrolls of blinking
 X - 3 scrolls of magic mapping
Potions
 f - 2 potions of cancellation
 i - 11 potions of curing
 k - 7 potions of heal wounds
 q - 4 potions of brilliance
 w - 3 potions of might
 x - a potion of berserk rage
 B - 2 potions of magic
 D - 3 potions of attraction
 I - 4 potions of lignification
 J - 2 potions of invisibility
 L - 3 potions of ambrosia
 M - a potion of haste
 R - 5 potions of resistance
Miscellaneous
 v - a condenser vane (inert)


   Skills:
 - Level 5.0 Fighting
 - Level 14.0 Short Blades
 - Level 6.0 Throwing
 * Level 6.1 Armour
 - Level 18.0 Dodging
 - Level 12.2 Stealth
 - Level 5.0 Spellcasting
 - Level 2.0 Conjurations
 + Level 8.7 Hexes
 * Level 5.9 Transmutations
 - Level 9.5 Invocations
 + Level 11.0 Evocations


You had 8 spell levels left.
You knew the following spells:

 Your Spells              Type           Power      Damage    Failure   Level
a - Wereblood             Tmut           20%        N/A       3%          2
b - Confusing Touch       Hex            28%        N/A       2%          3
c - Yara's Violent Unrav  Hex/Tmut       12%        3d7       36%         5
d - Dazzling Flash        Conj/Hex       36%        N/A       10%         3
e - Tukima's Dance        Hex            28%        N/A       2%          3

Your spell library contained the following spells:

 Spells                   Type           Power      Damage    Failure   Level
 Magic Dart               Conj           36%        1d4       12%         1
 Passwall                 Tmut/Erth      9%         N/A       13%         2
 Portal Projectile        Hex/Tloc       30%        N/A       14%         3
 Sandblast                Erth           6%         2d5       28%         1
 Call Imp                 Summ           3%         N/A       38%         2
 Sublimation of Blood     Necr           3%         N/A       38%         2
 Stone Arrow              Conj/Erth      12%        3d7       50%         3
 Mephitic Cloud           Conj/Pois/Air  5%         N/A       54%         3
 Silence                  Hex/Air        7%         N/A       78%         5
 Olgreb's Toxic Radiance  Pois           3%         N/A       95%         4
 Passage of Golubria      Tloc           3%         N/A       95%         4
 Iskenderun's Battlesphe  Conj           9%         2d6       98%         5
 Fireball                 Conj/Fire      3%         3d4       99%         5
 Agony                    Necr           3%         N/A       100%        5
 Conjure Ball Lightning   Conj/Air       3%         3x3d6     100%        6
 Orb of Destruction       Conj           4%         9d5       100%        7
 Ozocubu's Refrigeration  Ice            1%         4d5       100%        7
 Summon Hydra             Summ           1%         N/A       100%        7
 Ignition                 Fire           1%         3d3       100%        8


Dungeon Overview and Level Annotations

Branches:
Dungeon (12/15)            Temple (1/1) D:5            Lair (5/5) D:10
 Shoals (2/4) Lair:3       Spider (1/4) Lair:2        Slime (0/5) Lair:4
    Orc (2/2) D:10            Elf (0/3) Orc:2       Ossuary (visited)
  IceCv (visited)

Altars:
Ashenzari
Cheibriados
Dithmenos
Elyvilon
Fedhas
Gozag
Hepliaklqana
Kikubaaqudgha
Makhleb
Nemelex Xobeh
Okawaru
Qazlal
Ru
Sif Muna
Trog
Uskayaw
Vehumet
Wu Jian
Xom
Yredelemnul
Zin
The Shining One
Lugonu

Shops:
D:6 !   D:10 *   D:12 [   Orc:1 ?   Orc:2 ?*[*   Shoals:1 =[

Annotations:
D:1 clr
D:2 clr
D:3 clr
D:4 clr
D:5 clr
D:6 clr
D:7 clr
D:8 clr
D:9 clr
D:10 clr
D:11 2 transportersclr, pgiattino's ghost, novice FeSu
D:12 clr
Lair:1 clr
Lair:2 clr
Lair:3 3 runed translucent door, clr, exclusion: player ghost, pigah's ghost, journeyman OpAE
Lair:4 exclusions: 2 oklob plants and wraith, Josephine
Lair:5 clr
Shoals:2 exclusion: kraken
Orc:1 2 transporters
Orc:2 clr


Innate Abilities, Weirdness & Mutations

You are very small and have problems with some larger weapons.
You are too small for most types of armour.
You have supernaturally acute eyesight. (SInv)
You cover ground extremely quickly. (Speed+++)


Message History

The orb spider is almost dead.
Unknown command.
Casting: Wereblood (safe; 3% risk of failure)
Confirm with . or Enter, or press ? or * to list all spells.
Casting: Dazzling Flash (dangerous; 10% risk of failure)
Press: ? - help, Dir - look around, f - activate
Okay, then.
Unknown command.
Casting: Dazzling Flash (dangerous; 10% risk of failure)
Confirm with . or Enter, or press ? or * to list all spells.
Casting: Dazzling Flash (dangerous; 10% risk of failure)
Press: ? - help, Dir - look around, f - activate
Okay, then.
You are too injured to fight recklessly!
Unknown command.
You puncture the orb spider!
You feel a bit better.
You kill the orb spider!
Lugonu accepts your kill.
You hear a faint skittering sound.
The orb spider begins to weave its threads into a brightly glowing ball.
Unknown command.
Unknown command.
Unknown command.
Unknown command.
Unknown command.
Casting: Dazzling Flash (dangerous; 10% risk of failure)
Confirm with . or Enter, or press ? or * to list all spells.
Casting: Dazzling Flash (dangerous; 10% risk of failure)
Press: ? - help, Dir - look around, f - activate The orb spider is dazzled.
The orb spider weaves a glowing orb of energy.
An orb of destruction comes into view.
Unknown command.
Unknown command.
You hear a faint skittering sound.
You howl as the wereblood boils in your veins!
The orb spider begins to weave its threads into a brightly glowing ball.
The orb of destruction hits you!!!
Ouch! That really hurt!
You die...

..#. ..... ...#....
..... . ####.## ...
#^....###
###..##....†.#######
.......<#.#.....#..##
...^....####........#
...#....#@†.......###.
#. #.#...#○..^........
####.##.☼°○°s#.....
###.^##>..##....
######..s..# #..
#..........# #
####...##### ##..†##
##..#...†.#..##


You could see 2 orb spiders.

Vanquished Creatures
  A ghost moth (Spider:1)
  A merfolk impaler (Shoals:2)
  4 hydras
  2 boulder beetles
  2 catoblepae
  4 ogre magi (Orc:2)
  A merfolk aquamancer (Shoals:2)
  13 two-headed ogres
  3 death yaks (Lair:2)
  Urug (Orc:2)
  A skeletal warrior (D:12)
  6 sea snakes
  A deep troll (Orc:2)
  3 orb spiders (Spider:1)
  2 goliath frogs (Lair:5)
  2 wizards (D:10)
  A deep elf pyromancer (D:12)
  6 ugly things (D:10)
  An oklob plant (Lair:3)
  A wolf spider (Spider:1)
  A moth of wrath (Spider:1)
  3 cyclopes
  4 manticores
  3 black mambas
  A merfolk siren (Lair:3)
  22 elephants
  18 cane toads
  A water nymph (Shoals:2)
  A torpor snail (Lair:3)
  A gargoyle (D:12)
  A kobold demonologist (D:11)
  A rime drake (Lair:3)
  Psyche (D:8)
  A freezing wraith (IceCv)
  9 komodo dragons
  11 merfolk
  A troll (D:10)
  3 tyrant leeches (Lair:5)
  5 wind drakes
  2 polar bears
  A tarantella (Spider:1)
  21 blink frogs
  2 hornets
  4 jumping spiders (Spider:1)
  2 water elementals (Shoals:2)
  2 wyverns
  55 yaks
  2 culicivoras (Spider:1)
  4 basilisks
  3 wraiths
  4 fire bats (Lair:4)
  Eustachio (D:5)
  A redback (Spider:1)
  A steam dragon (D:7)
  Grum (D:8)
  11 vampire mosquitoes
  An acid dragon (D:9)
  11 water moccasins
  4 black bears
  A swamp drake (D:4)
  14 orc warriors
  4 sky beasts
  An ice beast (D:7)
  25 ogres
  14 wolves
  8 centaurs (D:11)
  2 kobold brigands
  22 bullfrogs
  2 gnoll sergeants (D:9)
  2 cane toad simulacra (IceCv)
  13 wights
  Dowan (D:4)
  2 elephant simulacra (IceCv)
  2 killer bees (D:7)
  2 howler monkeys (D:8)
  8 electric eels
  A lava snake (Lair:2)
  2 hounds
  A jelly (D:7)
  Crazy Yiuf (D:4)
  6 orc priests
  Terence (D:2)
  3 iguanas
  13 orc wizards
  12 hell rats
  A polar bear simulacrum (IceCv)
  8 mummies (Ossuary)
  12 gnolls
  23 adders
  2 shadow imps (D:7)
  3 white imps
  An ufetubus (D:5)
  A worm (D:3)
  A dart slug (D:5)
  49 orcs
  8 bats
  4 endoplasms
  5 giant cockroaches (D:2)
  4 goblins
  8 hobgoblins
  7 jackals
  7 quokkas
  11 ball pythons
  6 frilled lizards
  A gnoll zombie (Ossuary)
  2 hobgoblin zombies (Ossuary)
  14 kobolds
  2 kobold zombies (Ossuary)
  3 orc zombies (Ossuary)
  5 rats
628 creatures vanquished.

Vanquished Creatures (collateral kills)
  A hydra (Lair:1)
  A cane toad (Lair:1)
  2 rime drakes (Lair:2)
  A jumping spider (Lair:2)
  A redback (Lair:2)
  A sky beast (D:6)
  A wight (D:6)
  A gnoll (D:5)
  An adder (D:6)
  A dart slug (D:1)
  2 orcs (D:5)
  A bat (D:2)
  A quokka (D:1)
  A ball python (D:2)
  A goblin (D:1)
  A kobold (D:2)
18 creatures vanquished.

Vanquished Creatures (others)
  A dancing weapon (Shoals:2)
  A killer bee (D:7)
  An orc wizard (D:8)
  2 gnolls
  An adder (D:2)
  An orc (D:5)
  47 fungi
  152 plants
206 creatures vanquished.

Grand Total: 852 creatures vanquished

Notes
Turn   | Place    | Note
-------+----------+-------------------------------------------
     0 | D:1      | Snarg the Spriggan Artificer began the quest for the Orb.
     0 | D:1      | Reached XP level 1. HP: 9/9 MP: 2/2
   567 | D:1      | Reached XP level 2. HP: 14/14 MP: 3/3
  1347 | D:1      | Reached skill level 5 in Evocations
  1523 | D:1      | Reached skill level 1 in Fighting
  1932 | D:2      | Reached XP level 3. HP: 18/18 MP: 4/4
  2025 | D:2      | Noticed Terence
  2045 | D:2      | Killed Terence
  2046 | D:2      | Reached skill level 4 in Dodging
  2047 | D:2      | Upgraded the game from 0.29-a0-892-g2c4c91d9db to
                  | 0.29-a0-902-g0f71de6fce
  2059 | D:2      | Found a faded altar of an unknown god.
  2119 | D:2      | Reached XP level 4. HP: 22/22 MP: 5/5
  2199 | D:2      | Reached skill level 1 in Throwing
  2224 | D:2      | Found a basalt altar of Yredelemnul.
  2284 | D:2      | Reached skill level 1 in Short Blades
  3016 | D:2      | Prayed at the altar of an unknown god.
  3016 | D:2      | Became a worshipper of Lugonu the Unformed
  3016 | D:2      | Reached * piety under Lugonu
  3016 | D:2      | Reached ** piety under Lugonu
  3075 | D:3      | Found a shimmering blue altar of Sif Muna.
  3076 | D:3      | Found a stormy altar of Qazlal.
  3076 | D:3      | Found a broken altar of Ashenzari.
  3316 | D:3      | Reached XP level 5. HP: 15/25 MP: 6/6
  4165 | D:4      | Noticed a black bear
  4226 | D:3      | Killed a black bear
  4227 | D:3      | Reached skill level 1 in Invocations
  4388 | D:4      | Reached XP level 6. HP: 30/30 MP: 6/8
  4435 | D:4      | Found a runed translucent door.
  4436 | D:4      | Noticed Crazy Yiuf
  4457 | D:4      | Killed Crazy Yiuf
  4559 | D:4      | Reached skill level 5 in Dodging
  4608 | D:4      | Noticed Duvessa
  5138 | D:5      | Entered Level 5 of the Dungeon
  5150 | D:4      | Noticed Dowan
  5638 | D:5      | Noticed Eustachio
  5669 | D:5      | Reached XP level 7. HP: 34/34 MP: 9/9
  5719 | D:5      | Reached *** piety under Lugonu
  5725 | D:5      | Found a staircase to the Ecumenical Temple.
  5798 | D:5      | Found a bloodstained altar of Trog.
  5798 | D:5      | Found a shimmering altar of Xom.
  5798 | D:5      | Found a hazy altar of Hepliaklqana.
  6557 | D:6      | Reached skill level 5 in Short Blades
  6562 | D:6      | Found Oduigowk's Distillery.
  6573 | D:6      | Reached skill level 6 in Dodging
  6697 | D:6      | Found a sand-covered staircase.
  6724 | Ossuary  | Entered an ossuary
  6772 | Ossuary  | Upgraded the game from 0.29-a0-902-g0f71de6fce to
                  | 0.29-a0-911-g88e6f02907
  6840 | Ossuary  | Reached **** piety under Lugonu
  7183 | D:6      | Reached XP level 8. HP: 39/39 MP: 11/11
  7682 | D:7      | Reached skill level 5 in Stealth
  7745 | D:7      | Identified the +8 hand axe of Sabodac {venom, Dex+6}
  7757 | D:7      | Got Sif Muna's Handbook of Beguiling
  7782 | D:7      | Found a glowing golden altar of the Shining One.
  8101 | D:7      | Reached skill level 7 in Dodging
  8258 | D:7      | Reached XP level 9. HP: 44/44 MP: 13/13
  8562 | D:8      | Noticed Psyche
  8580 | D:8      | Killed Psyche
  8774 | D:8      | Noticed Grum
  8778 | D:8      | Killed Grum
  8826 | D:7      | Reached skill level 5 in Invocations
  9031 | D:8      | Reached skill level 8 in Dodging
  9146 | D:8      | Reached ***** piety under Lugonu
  9472 | D:4      | Noticed Duvessa
  9472 | D:4      | Duvessa changed into Duvessa the swamp drake
  9474 | D:4      | Killed Dowan
  9499 | D:4      | Killed Duvessa the swamp drake
  9524 | D:4      | F
  9546 | Temple   | Entered the Ecumenical Temple
  9701 | D:5      | Killed Eustachio
 10123 | D:9      | Reached XP level 10. HP: 49/49 MP: 14/14
 10857 | D:9      | Reached skill level 9 in Dodging
 10923 | D:10     | Entered Level 10 of the Dungeon
 10927 | D:10     | Learned a level 2 spell: Wereblood
 10931 | D:10     | Learned a level 3 spell: Confusing Touch
 11048 | D:10     | Found a staircase to the Orcish Mines.
 11150 | D:10     | Reached skill level 1 in Hexes
 11187 | D:10     | Reached skill level 1 in Spellcasting
 11187 | D:10     | Reached skill level 1 in Transmutations
 11214 | D:10     | Found Juis's General Store.
 11219 | D:10     | Bought a wand of iceblast (3) for 86 gold pieces
 11233 | D:10     | Found an ancient bone altar of Kikubaaqudgha.
 11283 | D:10     | Noticed a red ugly thing
 11283 | D:10     | Noticed a cyan ugly thing
 11284 | D:10     | Noticed a brown ugly thing
 11285 | D:10     | Noticed a cyan ugly thing
 11285 | D:10     | Noticed a red ugly thing
 11583 | D:10     | Found a staircase to the Lair.
 11594 | Lair:1   | Entered Level 1 of the Lair of Beasts
 11789 | Lair:1   | Reached skill level 1 in Armour
 11837 | Lair:1   | Noticed a black mamba
 11847 | Lair:1   | Killed a black mamba
 11866 | Lair:1   | Noticed a wolf spider
 11877 | Lair:1   | Noticed a two-headed ogre
 11877 | Lair:1   | a wolf spider changed into a two-headed ogre
 11897 | Lair:1   | Killed a two-headed ogre
 11943 | Lair:1   | Noticed a cane toad
 11977 | Lair:1   | Killed a cane toad
 12318 | Lair:1   | Noticed a six-headed hydra
 12717 | Lair:1   | Reached XP level 11. HP: 40/52 MP: 16/16
 12976 | Lair:1   | Reached skill level 5 in Throwing
 13369 | Lair:1   | Killed a six-headed hydra
 14183 | Lair:2   | Reached skill level 5 in Transmutations
 14258 | Lair:2   | Found a frozen archway.
 14276 | Lair:2   | Found a hole to the Spider Nest.
 14368 | IceCv    | Entered an ice cave
 14378 | IceCv    | Found a transporter.
 14384 | IceCv    | Noticed a white ugly thing
 14386 | IceCv    | Found a transporter.
 14539 | Lair:2   | Reached ****** piety under Lugonu
 14540 | Lair:2   | Reached skill level 10 in Short Blades
 14562 | Lair:2   | Noticed a death yak
 15065 | Lair:2   | Reached XP level 12. HP: 58/58 MP: 18/18
 15085 | Lair:2   | Reached skill level 10 in Dodging
 15244 | Lair:2   | Noticed a death yak
 15260 | Lair:2   | Noticed a death yak
 15330 | Lair:2   | Killed a death yak
 15336 | Lair:2   | Killed a death yak
 15368 | Lair:2   | Killed a death yak
 15839 | Lair:3   | Reached skill level 10 in Stealth
 15844 | Lair:3   | Noticed a catoblepas
 15894 | Lair:3   | Upgraded the game from 0.29-a0-911-g88e6f02907 to
                  | 0.29-a0-919-gd064cfad1c
 15960 | Lair:3   | Reached skill level 11 in Dodging
 15977 | Lair:3   | Reached skill level 10 in Evocations
 16335 | Lair:3   | Reached skill level 12 in Dodging
 16425 | Lair:3   | Reached skill level 5 in Hexes
 17165 | Lair:3   | Noticed a seven-headed hydra
 17173 | Lair:3   | Killed a seven-headed hydra
 17174 | Lair:3   | Reached skill level 13 in Dodging
 17174 | Lair:3   | Reached XP level 13. HP: 61/61 MP: 20/20
 17322 | Lair:3   | Found a runed translucent gate.
 17322 | Lair:3   | Found a runed translucent gate.
 17322 | Lair:3   | Found a runed translucent gate.
 17324 | Lair:3   | Noticed pigah's ghost (journeyman OpAE)
 18132 | Lair:3   | Found a staircase to the Shoals.
 18927 | Lair:4   | Noticed Josephine
 19053 | Lair:4   | Reached skill level 14 in Dodging
 19725 | Lair:4   | Identified a scroll of acquirement
 19725 | Lair:4   | Acquired the +7 rapier of Gurch {protect, Int+4}
 20144 | Lair:4   | Found a staircase to the Slime Pits.
 20256 | Lair:5   | Entered Level 5 of the Lair of Beasts
 20355 | Lair:5   | Reached skill level 5 in Fighting
 21225 | Lair:4   | Reached skill level 5 in Armour
 21319 | Lair:4   | Reached skill level 15 in Dodging
 21859 | Lair:5   | Reached skill level 16 in Dodging
 22147 | Lair:5   | Reached XP level 14. HP: 58/68 MP: 18/21
 22470 | Lair:5   | Reached skill level 17 in Dodging
 23019 | Lair:5   | Identified the +7 halberd of Peace {vorpal, rF+ Str+4}
 23982 | D:10     | Noticed a white very ugly thing
 23988 | D:10     | Banished a white very ugly thing
 24189 | Orc:1    | Entered Level 1 of the Orcish Mines
 24259 | Orc:1    | Found Baatur's Magic Scroll Shoppe.
 24339 | Orc:2    | Entered Level 2 of the Orcish Mines
 25031 | Orc:1    | Noticed a stone giant
 25145 | Orc:1    | Found a transporter.
 25162 | Orc:1    | Found a transporter.
 25371 | Orc:2    | Reached skill level 18 in Dodging
 25667 | Orc:2    | Found a staircase to the Elven Halls.
 25685 | Orc:2    | Noticed Urug
 25711 | Orc:2    | Killed Urug
 25819 | Orc:2    | Found Vavuar's General Store.
 25819 | Orc:2    | Found Ippeib's Assorted Antiques.
 25819 | Orc:2    | Found Erump's Armour Shoppe.
 25819 | Orc:2    | Found Soxuqin's Magic Scroll Shop.
 25874 | Orc:2    | Learned a level 5 spell: Yara's Violent Unravelling
 25937 | Orc:2    | Bought a book of the Senses for 480 gold pieces
 25941 | Orc:2    | Learned a level 3 spell: Dazzling Flash
 26329 | Orc:2    | Bought a wand of paralysis (6) for 216 gold pieces
 26639 | D:11     | Found a bloodstained altar of Trog.
 26641 | D:11     | Found a transporter.
 26891 | D:11     | Noticed pgiattino's ghost (novice FeSu)
 26896 | D:11     | Found a transporter.
 27440 | D:11     | Upgraded the game from 0.29-a0-919-gd064cfad1c to
                  | 0.29-a0-923-g6e406bff71
 27747 | Shoals:1 | Entered Level 1 of the Shoals
 27777 | Shoals:1 | Reached XP level 15. HP: 61/72 MP: 18/22
 28032 | Shoals:1 | Found Fuadias's Jewellery Shop.
 28040 | Shoals:1 | Bought a ring of poison resistance for 260 gold pieces
 28079 | Shoals:1 | Reached skill level 1 in Conjurations
 28186 | Shoals:1 | Found Wuizor's Antique Armour Emporium.
 28223 | Shoals:1 | Learned a level 3 spell: Tukima's Dance
 28385 | Shoals:1 | Bought a shiny orb for 348 gold pieces
 28528 | Shoals:1 | Upgraded the game from 0.29-a0-923-g6e406bff71 to
                  | 0.29-a0-925-g0a7a3d12f8
 28995 | Shoals:2 | Found an ancient bone altar of Kikubaaqudgha.
 29000 | Shoals:2 | Noticed a kraken
 29097 | Shoals:2 | Reached skill level 5 in Spellcasting
 31614 | D:12     | Found Issoofin's Antique Armour Boutique.
 31890 | Spider:1 | Entered Level 1 of the Spider Nest
 31979 | Spider:1 | Blown up by an orb spider

Illustrated notes

#....#.......#....
##...#........#####
#.............#####
##..............#...
######..................#
######....#..................#
#..#............)...........##
#......#...................##.
#......####..@..)........#....
##[.....###.....>......####...
###...##........#.....# ##...
####.....####.......###....
#......####..#[....###...
#.......#....#.....# ##..
#####.#.##...#..##.###...
###.#....#..##.......
#.......#..##.......


Turn 9524 on D:4: F

Levels and vault maps discovered:
D:1:      minmay_arrival_semitransparent, layout_basic
D:2:      layout_basic, basic_altar, shapermc_ecumenical_altar_venn,
          nrook_uturn, dreamdust_princess_corridor, minmay_misc_feat_pillars,
          uniq_terence
D:3:      layout_loops_cross, nicolae_overflow_hidden_temple, serial_glass,
          glass_columns_c, glass_columns_b, item_on_display_a,
          due_unseen_surprise, hangedman_abyss_or_decor_stabs
D:4:      layout_cave_pools, grunt_decor_resistance, hex_tiny,
          uniq_crazy_yiuf_cottage, uniq_duvessa
D:5:      layout_loops_ring, chequers_temple_overflow_statue_of_worship,
          minmay_temple_entry_hall, guppyfry_early_lair_pool, uniq_eustachio
D:6:      layout_loops_cross, nicolae_ossuary_entry_monument, serial_shops,
          shop, serial_rivers, chequers_serial_rivers_room_a,
          chequers_serial_rivers_room_a, chequers_serial_rivers_room_a,
          chequers_serial_rivers_large_b, chequers_serial_rivers_micro_c
D:7:      layout_loops_cross, tso_metal_star
D:8:      layout_loops_ring, uniq_psyche, uniq_grum
D:9:      layout_basic, serial_glass, glass_columns_b, glass_columns_a,
          glass_columns_b, glass_columns_a, glass_columns_a
D:10:     cheibrodos_breeding_chamber, layout_basic,
          mainiacjoe_overflow_boulevard, lair_entry_dummy, david_orc_3,
          serial_shops, kennysheep_little_box, glass_columns_b,
          hangedman_decor_clover_reticule, ebering_dispersal_statue_hall
D:11:     layout_basic, gammafunk_ghost_wrathful_warriors
D:12:     layout_basic, serial_shops, kennysheep_mini
Temple:   jpeg_temple_clearing
Lair:1:   minmay_lair_venomous_thicket, layout_layer_cave, grunt_megastairs_4,
          serial_bayou_shore_a
Lair:2:   layout_cave_pods, spider_nest_entry_a, portal_ice_cave_rime,
          nicolae_lair_liquid_snakes
Lair:3:   dpeg_oklob_shooting_range, layout_layer_cave,
          minmay_shoals_entry_lonely_mermaid, ebering_ghost_rock_garden,
          beast_lair_carwin_3, grunt_megastairs_3
Lair:4:   layout_gridlike, minmay_slime_entry_oklob_enclosed,
          infiniplex_staircase_pool, uniq_josephine
Lair:5:   minmay_lair_end_frog_pond, layout_hall_layers
Shoals:1: layout_shoals, serial_shops, nicolae_shop_statue_plus,
          nicolae_shoals_c_island
Shoals:2: layout_shoals, wheals_shoals_ruined_temple
Spider:1: layout_spider_delve, nicolae_spider_moth_buddies, uniq_kirke
Orc:1:    emtedronai_trogs_sanctum, layout_caves, serial_shops, shop,
          basic_altar
Orc:2:    st_orc_ogre_mass, layout_diamond_mine, uniq_urug

Skill      XL: |  1  2  3  4  5  6  7  8  9 10 11 12 13 14 15 |
---------------+----------------------------------------------+-----
Evocations     | 5 6 7 8 9 10 11 | 11.0
Fighting       | 1 2 3 4 5 |  5.0
Stealth        | 2 3 4 6 8 9 10 11 12 | 12.2
Dodging        | 4 5 6 7 8 9 13 16 18 | 18.0
Throwing       | 1 2 3 4 5 6 |  6.0
Short Blades   | 1 2 3 5 7 8 9 10 11 12 13 14 | 14.0
Invocations    | 1 2 4 5 6 7 8 9 |  9.5
Hexes          | 3 4 5 6 7 8 |  8.7
Spellcasting   | 3 4 5 |  5.0
Transmutations | 3 5 |  5.9
Armour         | 2 4 5 6 |  6.1
Conjurations   | 2 |  2.0

Action                   |  1- 3 |  4- 6 |  7- 9 | 10-12 | 13-15 || total
-------------------------+-------+-------+-------+-------+-------++-------
Melee: Dagger            |   122 |   319 |   465 |  1268 |   973 ||  3147
       Club              |     7 |       |       |       |       ||     7
       Punch             |     1 |     4 |     6 |    25 |    35 ||    71
       Rapier            |       |       |       |       |   958 ||   958
 Fire: Sling             |       |       |    95 |     1 |     5 ||   101
Throw: Stone             |     4 |    19 |    34 |    49 |    49 ||   155
       Dart              |       |    26 |     5 |    28 |    23 ||    82
       Boomerang         |       |       |       |   122 |     2 ||   124
       Throwing net      |       |       |       |       |     2 ||     2
 Cast: Wereblood         |       |       |       |     7 |    33 ||    40
       Confusing Touch   |       |       |       |     1 |    88 ||    89
       Dazzling Flash    |       |       |       |       |     8 ||     8
       Tukima's Dance    |       |       |       |       |    10 ||    10
Invok: Bend Space        |       |       |     1 |     3 |     7 ||    11
       Banish            |       |       |       |     4 |     3 ||     7
Evoke: Wand              |    14 |     7 |    47 |    42 |    14 ||   124
       Condenser vane    |       |       |       |       |     2 ||     2
  Use: Scroll            |       |     8 |    10 |     9 |    10 ||    37
       Potion            |       |       |       |     2 |     7 ||     9
 Stab: Sleeping          |     4 |     9 |    14 |     4 |    19 ||    50
       Distracted        |       |       |     1 |       |     6 ||     7
       Invisible         |       |       |     1 |     1 |     4 ||     6
       Confused          |       |       |       |       |    85 ||    85
       Petrifying        |       |       |       |       |     2 ||     2
Armor: Robe              |    15 |    26 |    29 |       |       ||    70
       Acid dragon scale |       |       |       |   134 |   138 ||   272
Dodge: Dodged            |   123 |   253 |   254 |   763 |  1272 ||  2665

Table legend: (Time is in decaauts)
 A = Elapsed time spent in this place.
 B = Non-inter-level travel time spent in this place.
 C = Inter-level travel time spent in this place.
 D = Time resting spent in this place.
 E = Time spent auto-exploring this place.
 F = Levels seen in this place.
 G = Mean time per level.
                   A        B        C        D        E       F      G
               +--------+--------+--------+--------+--------+-----+--------+
         Total |  21602 |  18434 |   3168 |   1866 |   8649 |  25 |  864.1 |
       Dungeon |  10118 |   8624 |   1494 |   1021 |   4386 |  12 |  843.2 |
        Temple |     66 |     59 |      7 |      0 |     49 |   1 |   66.0 |
          Lair |   8169 |   6807 |   1362 |    584 |   2968 |   5 | 1633.8 |
        Shoals |   1374 |   1185 |    189 |    129 |    525 |   2 |  687.0 |
   Spider Nest |     57 |     54 |      3 |      1 |      0 |   1 |   57.0 |
  Orcish Mines |   1428 |   1317 |    111 |    120 |    638 |   2 |  714.0 |
       Ossuary |    297 |    297 |      0 |      6 |     65 |   1 |  297.0 |
      Ice Cave |     91 |     91 |      0 |      4 |     16 |   1 |   91.0 |
               +--------+--------+--------+--------+--------+-----+--------+

Top non-repeatable levels by time:
  Lair:1: 2122 daAuts
     D:1: 1913 daAuts
  Lair:4: 1859 daAuts
  Lair:3: 1673 daAuts
  Lair:5: 1284 daAuts
  Lair:2: 1230 daAuts
    D:10: 1046 daAuts
   Orc:2: 980 daAuts
     D:3: 943 daAuts
     D:2: 849 daAuts
     D:5: 845 daAuts
Shoals:1: 795 daAuts
     D:4: 708 daAuts
     D:7: 697 daAuts
    D:11: 693 daAuts
